Map: [ESL] Goldenaura

Players

Oliveira

  • Race: Terran Terran
  • Spawn Location: 12:00

Nanami - Winner!

  • Race: Protoss Protoss
  • Spawn Location: 5:00

Event: ESL SC2 Masters 2024 Spring (Regional)

VOD

Have the link to the VOD?

Description

Time

  • Played on: April 20, 2024, 7:05 a.m.
  • Length: 9:15

All games in this series

Show
View Real Time Build Order
Export as new Build Order

Oliveira Terran 

Build Orders: Banshee Rush 

Get SALT Encoding   

  12  0:00  SCV  
  13  0:12  SCV  
  14  0:17  Supply Depot  
  14  0:24  SCV  
  15  0:38  SCV  
  15  0:40  Barracks  
  16  0:44  Refinery  
  16  0:51  SCV  
  17  1:00  Refinery  
  17  1:03  SCV  
  18  1:15  SCV  
  19  1:28  Orbital Command, Reaper  
  19  1:30  Supply Depot  
  20  1:44  Factory  
  20  1:53  SCV  
  21  2:01  Barracks Reactor  
  21  2:05  SCV  
  22  2:16  Command Center  
  22  2:18  SCV  
  23  2:27  Hellion  
  25  2:31  SCV  
  25  2:34  Supply Depot  
  26  2:37  Reaper x2  
  26  2:43  SCV  
  29  2:49  Hellion  
  32  2:58  SCV, Starport  
  32  3:11  Factory Tech Lab  
  32  3:12  Marine x2  
  34  3:15  SCV  
  35  3:28  SCV  
  35  3:29  Orbital Command  
  36  3:35  Marine  
  36  3:36  Marine  
  36  3:38  Factory Tech Lab  
  38  3:44  Cloaking Field, Banshee  
  38  3:45  SCV  
  39  3:53  Marine x2  
  39  3:55  Orbital Command  
  38  3:59  Siege Tank  
  41  4:07  SCV, Bunker  
  41  4:11  Marine x2  
  43  4:19  SCV, Supply Depot  
  43  4:20  SCV  
  45  4:27  Banshee  
  45  4:29  Marine x2  
  45  4:31  SCV  
  51  4:33  SCV  
  52  4:41  Siege Tank  
  52  4:43  Supply Depot  
  55  4:47  Marine x2  
  55  4:49  SCV x2  
  59  5:00  Barracks  
  59  5:04  Barracks  
  59  5:05  Marine x2  
  61  5:07  SCV  
  61  5:14  SCV, Siege Tank  
  60  5:19  SCV  
  64  5:22  Supply Depot, Engineering Bay, Marine x2  
  64  5:26  SCV  
  67  5:31  SCV, Refinery  
  68  5:35  Supply Depot  
  68  5:40  SCV  
  69  5:43  SCV  
  69  5:45  Marine x2  
  69  5:46  Siege Tank  
  66  5:58  SCV  
  57  6:05  Barracks Tech Lab  
  57  6:07  Marine x2  
  57  6:08  SCV, Terran Infantry Weapons Level 1, Barracks  
  57  6:10  SCV, Barracks, Refinery  
  57  6:11  Marine  
  57  6:13  Stimpack  
  57  6:16  Starport Reactor  
  58  6:21  SCV  
  58  6:22  SCV  
  58  6:23  Marine  
  58  6:24  Marine  
  58  6:25  Supply Depot  
  62  6:26  Combat Shield, Marine  
  62  6:31  Marine  
  64  6:33  SCV  
  64  6:34  SCV  
  64  6:36  Supply Depot  
  66  6:41  Siege Tank  
  66  6:42  Marine  
  66  6:44  Marine  
  73  6:47  Marauder  
  73  6:49  Marauder  
  75  6:55  Supply Depot, Marine  
  75  6:57  Marine  
  75  7:00  Marine  
  78  7:02  Marine  
  78  7:07  Medivac x2  
  78  7:08  Marauder  
  85  7:11  Marauder  
  87  7:17  Supply Depot  
  87  7:18  Marine  
  87  7:19  Marine  
  87  7:20  Siege Tank  
  87  7:22  Marine x2  
  94  7:29  Marauder  
  96  7:32  Marauder  
  96  7:36  Marine  
  99  7:37  Marine  
  99  7:41  Marine x2  
  99  7:42  Medivac  
  104  7:50  Medivac  
  104  7:51  Marauder  
  108  7:53  Marine  
  108  7:54  Marine  
  108  7:55  Marine  
  108  7:57  Supply Depot  
  111  7:59  Marine x2  
  105  8:11  Marine, Marauder  
  105  8:12  Marine  
  94  8:13  Marine  
  94  8:16  Marine  
Show
View Real Time Build Order
Export as new Build Order

Nanami Protoss - Winner!

Build Orders: 1 Gate Expand, Blink Stalkers 

Get SALT Encoding   

  12  0:00  Probe  
  13  0:12  Probe  
  14  0:17  Pylon  
  14  0:24  Probe (Chrono Boost)  
  16  0:36  Gateway  
  16  0:37  Probe (Chrono Boost)  
  16  0:42  Probe (Chrono Boost)  
  16  0:45  Assimilator  
  17  0:51  Probe  
  18  1:03  Probe  
  19  1:15  Probe  
  20  1:23  Cybernetics Core  
  20  1:32  Nexus  
  20  1:36  Probe  
  21  1:42  Pylon  
  21  1:48  Assimilator  
  21  1:51  Probe  
  22  1:57  Adept (Chrono Boost)  
  22  2:00  Warp Gate  
  24  2:04  Probe  
  25  2:16  Probe  
  25  2:17  Stalker (Chrono Boost)  
  28  2:28  Probe  
  29  2:30  Twilight Council  
  29  2:40  Probe  
  29  2:43  Stalker  
  32  2:44  Probe  
  33  2:52  Probe  
  33  2:56  Probe  
  35  3:03  Blink (Chrono Boost)  
  35  3:05  Probe  
  36  3:06  Gateway  
  36  3:14  Probe  
  36  3:17  Probe  
  38  3:23  Robotics Facility  
  38  3:26  Probe  
  39  3:32  Probe, Gateway  
  40  3:38  Probe  
  41  3:44  Probe  
  40  3:48  Stalker  
  40  3:50  Probe  
  41  3:56  Probe  
  41  4:02  Probe  
  41  4:05  Nexus  
  41  4:07  Pylon  
  41  4:09  Observer (Chrono Boost), Probe  
  42  4:12  Stalker  
  42  4:15  Probe  
  46  4:20  Assimilator  
  46  4:22  Observer (Chrono Boost)  
  46  4:25  Probe  
  46  4:27  Stalker  
  46  4:29  Probe  
  51  4:31  Pylon  
  51  4:36  Stalker  
  54  4:38  Probe  
  54  4:39  Shield Battery  
  54  4:48  Gateway  
  54  4:49  Probe  
  54  4:50  Probe  
  54  4:52  Gateway  
  56  4:59  Observer (Chrono Boost)  
  56  5:01  Probe  
  56  5:02  Probe  
  56  5:03  Stalker  
  61  5:13  Probe (Chrono Boost)  
  60  5:15  Probe (Chrono Boost)  
  60  5:18  Observer  
  60  5:19  Forge  
  62  5:24  Probe (Chrono Boost)  
  62  5:25  Probe x2 (Chrono Boost)  
  65  5:29  Probe (Chrono Boost)  
  65  5:30  Probe x2 (Chrono Boost)  
  65  5:31  Gateway  
  65  5:32  Gateway  
  68  5:35  Gateway  
  68  5:41  Charge (Chrono Boost)  
  68  5:42  Sentry x2, Gateway  
  70  5:46  Probe  
  70  5:47  Probe  
  74  5:54  Zealot  
  72  6:00  Probe (Chrono Boost)  
  72  6:02  Probe (Chrono Boost)  
  62  6:04  Stalker  
  62  6:05  Protoss Ground Armor Level 1 (Chrono Boost)  
  62  6:08  Probe (Chrono Boost)  
  65  6:11  Observer  
  65  6:12  Probe (Chrono Boost)  
  65  6:16  Warp Prism, Probe (Chrono Boost)  
  65  6:18  Sentry, Probe (Chrono Boost)  
  71  6:19  Zealot  
  71  6:22  Stalker  
  71  6:24  Probe  
  71  6:25  Pylon  
  76  6:32  Probe  
  77  6:33  Pylon  
  77  6:42  Pylon  
  77  6:43  Pylon  
  77  6:45  Zealot, Stalker x3  
  85  6:54  Pylon  
  85  6:57  Zealot x3  
  85  6:58  Pylon  
  85  6:59  Zealot  
  93  7:08  Zealot  
  95  7:09  Zealot x3, Observer  
  95  7:10  Pylon  
  95  7:11  Probe  
  95  7:12  Probe  
  103  7:20  Zealot  
  103  7:21  Assimilator, Sentry  
  103  7:22  Sentry, Assimilator  
  109  7:25  Immortal (Chrono Boost)  
  109  7:26  Pylon  
  113  7:38  Zealot x4  
  113  7:40  Stalker  
  123  7:44  Pylon  
  123  7:47  Stalker  
  125  7:53  Zealot x2  
  125  7:56  Shield Battery  
  129  8:01  Shield Battery  
  127  8:07  Zealot x4  
  131  8:16  Zealot x4  
  135  8:30  Shield Battery  
  135  8:31  Zealot x3, Shield Battery  
  141  8:38  Pylon  
  141  8:39  Pylon  
  141  8:41  Pylon  
  139  9:00  Zealot x5  
  139  9:01  Zealot x2  
Tags
 
Add a new tag
Caveats
  • Supply blocks, unpowered buildings, or Contaminate may cause inaccurate times.
  • Supply counts are checked every 10 seconds.